Map: [TLMC14] Blackburn

Players

Solar - Winner!

  • Race: Zerg Zerg

Reynor

  • Race: Zerg Zerg

Event: DreamHack SC2 Masters Last Chance 2022

VOD

Have the link to the VOD?

Description

Time

  • Played on: Jan. 15, 2022, 8:53 a.m.
  • Length: 15:21

All games in this series

Show
View Real Time Build Order
Export as new Build Order

Solar Zerg - Winner!

Build Orders: Hatch First 

Get SALT Encoding   

  12  0:00  Drone  
  13  0:12  Overlord  
  13  0:17  Drone  
  14  0:30  Drone x2  
  16  0:49  Hatchery  
  15  0:52  Drone  
  15  0:55  Drone  
  17  0:59  Drone  
  18  1:11  Extractor  
  18  1:14  Spawning Pool  
  18  1:17  Drone  
  17  1:21  Drone  
  18  1:28  Drone  
  19  1:38  Drone  
  20  2:00  Overlord  
  20  2:01  Drone, Queen  
  20  2:06  Queen  
  25  2:12  Metabolic Boost  
  25  2:14  Drone  
  26  2:17  Zergling x2  
  26  2:21  Drone  
  28  2:23  Drone x2  
  30  2:37  Hatchery  
  30  2:38  Drone  
  30  2:41  Drone  
  32  2:44  Zergling x2  
  32  2:50  Baneling Nest  
  31  2:52  Zergling x2  
  31  2:55  Overlord  
  32  2:59  Overlord  
  32  3:04  Drone  
  33  3:06  Queen  
  33  3:11  Zergling x2  
  36  3:15  Drone  
  36  3:16  Zergling x6  
  41  3:20  Drone  
  41  3:21  Zergling x4  
  43  3:29  Drone  
  43  3:31  Drone  
  45  3:35  Baneling x2  
  45  3:37  Drone  
  45  3:42  Overlord  
  45  3:43  Drone  
  45  3:46  Drone x2  
  45  3:48  Drone x2  
  50  3:49  Evolution Chamber, Extractor  
  50  3:51  Drone  
  49  4:01  Drone x2  
  49  4:02  Drone  
  51  4:04  Overlord  
  51  4:07  Roach Warren  
  51  4:09  Lair  
  50  4:10  Drone  
  50  4:13  Drone x2  
  50  4:15  Zergling x2  
  54  4:19  Drone x3  
  54  4:21  Drone  
  58  4:25  Zerg Missile Weapons Level 1  
  58  4:26  Drone x2, Extractor  
  58  4:28  Drone  
  60  4:33  Extractor  
  60  4:36  Overlord  
  60  4:38  Drone  
  60  4:48  Roach  
  60  4:49  Roach x5  
  60  4:50  Overlord  
  72  4:52  Overlord  
  72  4:55  Roach x2  
  75  5:05  Drone x5  
  80  5:07  Extractor  
  80  5:12  Glial Reconstitution  
  79  5:14  Drone  
  79  5:16  Extractor  
  79  5:18  Drone x3  
  79  5:19  Overseer  
  79  5:20  Overlord  
  82  5:23  Drone  
  82  5:24  Drone  
  82  5:25  Roach  
  86  5:30  Spire  
  86  5:33  Roach  
  86  5:34  Drone  
  86  5:35  Drone  
  88  5:39  Overlord  
  88  5:40  Roach x2  
  92  5:44  Drone x4  
  92  5:45  Drone  
  92  5:48  Overlord  
  97  6:04  Drone x2  
  97  6:05  Hatchery  
  97  6:06  Drone  
  97  6:09  Roach x4  
  97  6:10  Roach  
  109  6:14  Overlord  
  109  6:15  Overlord  
  109  6:19  Overlord  
  109  6:23  Overlord  
  109  6:27  Drone  
  109  6:32  Zerg Missile Weapons Level 2  
  110  6:35  Roach  
  110  6:36  Roach x2  
  115  6:42  Mutalisk x7  
  115  6:46  Drone x3  
  132  6:47  Drone  
  132  6:48  Drone  
  132  6:51  Drone  
  132  6:53  Roach  
  137  6:57  Overlord  
  137  6:58  Extractor  
  136  7:03  Roach x5  
  136  7:07  Overlord  
  145  7:11  Overlord  
  145  7:12  Overlord  
  145  7:15  Overlord  
  145  7:21  Roach x4  
  145  7:22  Roach x2  
  157  7:25  Queen  
  157  7:26  Drone  
  157  7:28  Roach x2  
  157  7:29  Roach  
  166  7:33  Roach x3  
  170  7:39  Roach x3  
  170  7:42  Roach x3  
  170  7:43  Roach  
  184  7:49  Overlord  
  192  8:01  Corruptor x4  
  192  8:04  Drone x3  
  192  8:05  Drone  
  190  8:07  Extractor  
  190  8:09  Corruptor  
  185  8:15  Corruptor x2  
  185  8:16  Corruptor  
  163  8:21  Corruptor  
  163  8:23  Corruptor  
  151  8:28  Roach x2  
  151  8:29  Roach  
  151  8:31  Drone  
  151  8:33  Corruptor  
  146  8:36  Corruptor  
  146  8:40  Corruptor  
  142  8:44  Roach x3  
  142  8:48  Corruptor  
  140  8:50  Corruptor  
  140  8:53  Roach x2  
  148  8:57  Roach x3  
  148  9:00  Roach  
  155  9:05  Roach  
  155  9:06  Roach  
  155  9:09  Roach x4  
  153  9:11  Roach  
  153  9:12  Roach  
  153  9:15  Roach x2  
  155  9:18  Corruptor  
  155  9:22  Corruptor  
  155  9:27  Corruptor  
  155  9:30  Drone  
  155  9:31  Drone  
  148  9:33  Roach x3  
  148  9:37  Drone  
  148  9:42  Roach x3  
  148  9:45  Roach  
  148  9:46  Roach  
  148  9:49  Roach  
  143  9:55  Roach  
  143  9:58  Roach  
  145  10:03  Roach  
  145  10:04  Roach  
  145  10:06  Roach  
  149  10:09  Roach  
  149  10:14  Roach x2  
  153  10:17  Roach  
  153  10:21  Roach x2  
  155  10:24  Ravager x2  
  159  10:28  Roach x2  
  159  10:32  Roach x2  
  161  10:38  Roach  
  161  10:40  Roach  
  161  10:44  Roach  
  161  10:48  Roach x2  
  161  10:54  Roach x2  
  161  10:57  Roach  
  161  10:59  Ravager x2  
  161  11:00  Ravager x2  
  161  11:01  Overlord  
  167  11:09  Roach x3  
  168  11:13  Roach  
  166  11:21  Roach x2  
  166  11:22  Drone  
  166  11:24  Ravager  
  166  11:25  Drone  
  169  11:26  Drone  
  168  11:37  Overlord  
  170  11:40  Roach x3  
  170  11:41  Drone  
  170  11:42  Drone  
  170  11:46  Drone x2  
  173  11:50  Drone  
  173  11:53  Drone  
  171  11:56  Drone  
  171  12:02  Ravager x4  
  171  12:03  Ravager  
  171  12:08  Roach x2  
  180  12:17  Spore Crawler  
  180  12:20  Drone x2  
  180  12:21  Drone  
  182  12:27  Roach x4  
  182  12:29  Drone  
  189  12:30  Drone  
  189  12:34  Drone  
  188  12:40  Roach x2  
  188  12:42  Overlord  
  192  12:46  Overlord  
  187  12:52  Overlord  
  187  12:55  Overlord  
  187  12:57  Ravager x2  
  189  13:00  Roach x2  
  189  13:03  Drone  
  194  13:06  Roach x2  
  194  13:07  Drone  
  198  13:13  Roach  
  198  13:16  Drone  
  198  13:18  Roach  
  198  13:19  Roach  
  192  13:22  Drone x2  
  192  13:25  Roach  
  195  13:31  Roach  
  193  13:34  Roach  
  193  13:38  Roach x2  
  193  13:40  Ravager  
  181  14:11  Roach x9  
  181  14:15  Roach  
  195  14:20  Roach x4  
  199  14:28  Roach x3  
  197  14:34  Roach x2  
  199  14:42  Roach  
  199  14:43  Roach x3  
  185  14:46  Roach  
  185  14:50  Roach  
  185  14:51  Roach  
  185  14:54  Roach  
  185  14:58  Roach x2  
Show
View Real Time Build Order
Export as new Build Order

Reynor Zerg 

Build Orders: Hatch First, Lurkers 

Get SALT Encoding   

  12  0:00  Drone  
  13  0:12  Overlord  
  13  0:17  Drone  
  14  0:30  Drone x2  
  16  0:48  Hatchery  
  15  0:51  Drone  
  15  0:55  Drone  
  17  0:58  Drone  
  18  1:08  Extractor  
  17  1:14  Spawning Pool  
  17  1:17  Drone  
  17  1:20  Drone  
  18  1:28  Drone  
  19  1:38  Drone  
  20  1:49  Overlord  
  20  2:00  Queen  
  20  2:01  Queen  
  24  2:02  Drone x2  
  26  2:10  Metabolic Boost  
  26  2:13  Zergling x4  
  28  2:21  Drone x2  
  30  2:32  Drone  
  31  2:38  Hatchery  
  31  2:41  Drone  
  31  2:43  Drone  
  32  2:49  Baneling Nest  
  31  2:52  Drone  
  31  2:54  Drone  
  33  2:59  Overlord  
  33  3:05  Drone x2  
  35  3:14  Zergling x2  
  35  3:17  Drone  
  35  3:18  Drone  
  38  3:23  Zergling x4, Evolution Chamber  
  38  3:24  Drone x2  
  38  3:25  Drone  
  42  3:33  Overlord  
  42  3:38  Queen  
  44  3:45  Baneling x2  
  44  3:46  Overlord  
  44  3:51  Drone x5  
  44  3:54  Drone  
  49  3:56  Drone  
  49  3:58  Zerg Missile Weapons Level 1  
  49  4:01  Drone  
  51  4:03  Drone  
  51  4:06  Drone  
  53  4:12  Drone, Roach Warren  
  53  4:13  Drone  
  54  4:18  Drone  
  54  4:21  Extractor  
  54  4:22  Drone, Extractor  
  53  4:25  Lair, Overlord  
  53  4:27  Drone x2  
  53  4:29  Drone  
  56  4:32  Drone x2  
  56  4:34  Drone  
  56  4:36  Drone x2  
  56  4:37  Drone  
  62  4:41  Overlord  
  62  4:43  Drone x2  
  62  4:45  Zergling x2  
  65  4:47  Zergling x2  
  65  4:51  Drone  
  67  4:53  Drone x2  
  67  4:54  Drone, Overlord  
  67  4:57  Drone  
  67  4:58  Drone  
  72  5:00  Drone  
  72  5:04  Extractor  
  72  5:05  Extractor  
  75  5:07  Roach x2  
  75  5:09  Roach  
  75  5:11  Roach  
  78  5:17  Drone  
  78  5:18  Roach, Extractor  
  80  5:22  Overlord  
  80  5:23  Roach x3  
  80  5:26  Glial Reconstitution  
  87  5:28  Drone  
  87  5:30  Roach  
  87  5:33  Overlord  
  89  5:41  Overlord  
  89  5:42  Spire, Roach x2  
  92  5:45  Roach  
  92  5:48  Roach x2  
  98  5:51  Overlord  
  98  5:54  Roach x3  
  98  5:55  Roach  
  106  5:59  Overlord  
  106  6:03  Roach  
  106  6:04  Roach x2  
  112  6:05  Overlord  
  112  6:08  Roach  
  112  6:10  Roach  
  118  6:11  Roach  
  118  6:15  Overlord  
  118  6:30  Overlord  
  118  6:40  Drone x3  
  118  6:41  Drone, Overlord  
  122  6:53  Mutalisk x8  
  138  6:57  Roach x2  
  138  6:58  Overlord  
  138  6:59  Hatchery  
  138  7:01  Roach  
  143  7:04  Overlord  
  146  7:18  Overlord  
  146  7:20  Mutalisk  
  154  7:24  Mutalisk x3  
  154  7:27  Mutalisk  
  154  7:29  Drone x3  
  153  7:30  Overlord  
  153  7:32  Mutalisk  
  154  7:42  Zerg Flyer Weapons Level 1  
  154  7:43  Overlord  
  154  7:47  Overlord  
  154  7:54  Roach  
  154  7:55  Roach x3, Extractor x2  
  154  7:56  Overlord  
  160  8:05  Roach x5  
  170  8:07  Roach x2  
  170  8:08  Roach x2  
  170  8:09  Roach x2  
  170  8:13  Roach  
  170  8:16  Roach x2  
  170  8:19  Queen  
  152  8:20  Overlord  
  152  8:25  Mutalisk  
  132  8:27  Mutalisk  
  130  8:34  Drone x3  
  130  8:37  Mutalisk x2  
  133  8:49  Mutalisk  
  133  8:50  Queen  
  133  8:52  Spore Crawler  
  133  8:55  Mutalisk  
  136  9:02  Roach x3  
  146  9:03  Roach  
  140  9:11  Roach x5  
  140  9:14  Roach  
  144  9:18  Spore Crawler  
  144  9:19  Roach x3  
  144  9:23  Zerg Missile Weapons Level 2  
  143  9:30  Roach x4  
  149  9:34  Roach  
  149  9:35  Roach x2  
  140  9:49  Roach x6  
  142  9:56  Drone x2  
  142  9:57  Drone x3  
  142  9:58  Roach  
  146  10:05  Roach x3  
  148  10:11  Queen  
  148  10:13  Roach  
  150  10:15  Roach  
  144  10:22  Roach x4  
  144  10:24  Ravager  
  144  10:25  Ravager  
  144  10:27  Roach x2  
  156  10:30  Roach  
  156  10:34  Spore Crawler  
  157  10:37  Roach x3  
  162  10:44  Roach x4  
  162  10:47  Roach  
  167  10:52  Roach x2  
  167  10:55  Ravager x2  
  165  10:58  Roach x3  
  165  11:00  Roach  
  171  11:12  Roach x6  
  181  11:24  Roach x5  
  187  11:37  Overlord  
  178  11:43  Hydralisk Den, Overlord  
  175  11:54  Overlord  
  175  12:05  Hatchery  
  175  12:08  Roach x7  
  186  12:17  Hydralisk x3  
  186  12:19  Overlord  
  193  12:25  Hatchery  
  192  12:43  Hydralisk x4  
  194  12:58  Hatchery, Muscular Augments  
  188  12:59  Hydralisk  
  188  13:00  Hydralisk  
  188  13:01  Lurker Den  
  191  13:07  Ravager x2  
  183  13:21  Roach  
  183  13:22  Roach x8  
  189  13:36  Roach x3  
  187  13:53  Roach x3  
  193  13:59  Spore Crawler  
  193  14:00  Lurker  
  193  14:01  Lurker  
  194  14:02  Spore Crawler  
  181  14:10  Roach x6  
  174  14:20  Roach x3  
  166  14:29  Overlord  
  166  14:34  Overlord  
  159  14:43  Roach x2  
  135  14:48  Roach  
  135  14:49  Lurker x2  
  135  14:51  Roach  
  122  14:54  Roach  
  110  15:01  Roach x2  
  93  15:10  Ravager  

Tags
 
Add a new tag
Caveats
  • Supply blocks, unpowered buildings, or Contaminate may cause inaccurate times.
  • Supply counts are checked every 10 seconds.